 Dungeon Crawl Stone Soup version 0.31-a0-938-g4ff0be5 (webtiles) character file.

Game seed: 4848486162193038507

387 darkmonkeyz the Cutter (level 6, -2/36 HPs)
             Began as a Vampire Reaver on Oct 20, 2023.
             Was an Initiate of Yredelemnul.
             Slain by an ogre
             ... wielding a +0 giant club
              (10 damage)
             ... on level 5 of the Dungeon.
             The game lasted 00:18:30 (3653 turns).

darkmonkeyz the Cutter (Vampire Reaver)             Turns: 3653, Time: 00:18:30

Health: -2/36      AC: 10    Str: 11    XL:     6   Next: 49%
Magic:  9/10       EV: 13    Int: 16    God:    Yredelemnul [......]
Gold:   203        SH:  5    Dex: 20    Spells: 7/10 levels left

rFire   . . .        a - +0 short sword
rCold   + + .        (no shield)
rNeg    + + +        w - +3 leather armour
rPois   ∞            (no helmet)
rElec   .            (no cloak)
rCorr   .            (no gloves)
SInv    +            (no boots)
Will    .....        o - amulet of reflection
Stlth   +++++        i - +4 ring of protection
HPRegen 0.00/turn    n - +6 ring of dexterity
MPRegen 0.12/turn

%: reflection
@: bloodless, inhibited regen
A: bloodless, fangs 3, see invisible, vampiric 2
a: Bat Form, Revivify, Renounce Religion, Recall Undead Harvest


You were on level 5 of the Dungeon.
You worshipped Yredelemnul.
Yredelemnul was noncommittal.
You visited 1 branch of the dungeon, and saw 5 of its levels.

You collected 203 gold pieces.

Inventory:

Hand Weapons
 a - a +0 short sword (weapon)
Missiles
 h - 4 datura-tipped darts
 s - 4 poisoned darts (quivered)
Armour
 b - a +0 leather armour
 w - a +3 leather armour (worn)
Magical Staves
 j - a staff of air
Jewellery
 i - a +4 ring of protection (left hand)
 n - a +6 ring of dexterity (right hand)
 o - an amulet of reflection (around neck)
Wands
 t - a wand of polymorph (9)
 x - a wand of flame (14)
Scrolls
 e - 3 scrolls of identify {unknown}
 l - 2 scrolls of enchant weapon {unknown}
 m - 2 scrolls of fog {unknown}
 q - 3 scrolls of teleportation {unknown}
 r - a scroll of vulnerability {unknown}
 v - a scroll of poison {unknown}
Potions
 c - 2 potions of heal wounds {unknown}
 d - 3 potions of curing {unknown}
 f - 3 potions of might {unknown}
 g - 3 potions of enlightenment {unknown}
 k - 2 potions of ambrosia {unknown}
 p - 3 potions of haste {unknown}
 u - 2 potions of brilliance {unknown}


   Skills:
 + Level 2.8 Fighting
 * Level 5.1 Short Blades
 + Level 3.4 Dodging
 + Level 3.5 Stealth
 + Level 2.8 Spellcasting
 - Level 2.2 Conjurations
 * Level 2.7 Necromancy


You had 7 spell levels left.
You knew the following spells:

 Your Spells              Type           Power      Damage    Failure   Level
a - Kiss of Death         Conj/Necr      40%        2d8       9%          1
b - Momentum Strike       Conj/Tloc      10%        3d8       24%         2

Your spell library contained the following spells:

 Spells                   Type           Power      Damage    Failure   Level
 Hailstorm                Conj/Ice       5%         3d4       43%         3
 Call Canine Familiar     Summ           2%         N/A       58%         3
 Confusing Touch          Hex            2%         N/A       58%         3
 Gell's Gravitas          Tloc           2%         N/A       58%         3
 Sigil of Binding         Hex            2%         N/A       58%         3
 Teleport Other           Tloc           2%         N/A       58%         3
 Dispel Undead            Necr           11%        3d9       63%         4
 Dimensional Bullseye     Hex/Tloc       1%         N/A       94%         4
 Leda's Liquefaction      Hex/Erth       1%         N/A       94%         4
 Dispersal                Tloc           1%         N/A       100%        6


Dungeon Overview and Level Annotations

Branches:
Dungeon (5/15)             Temple (0/1) D:5

Altars:
Gozag
Makhleb
Okawaru
Qazlal
Yredelemnul

Shops:
D:1 =


Innate Abilities, Weirdness & Mutations

You do not regenerate when monsters are visible.
You are frail without blood (-20% HP).
You can heal yourself when you bite living creatures.
You are immune to poison.
You have razor-sharp teeth.
You have supernaturally acute eyesight. (SInv)
You are afflicted with vampirism and can become a bat while bloodless.


Message History

The black bear bites your scorpion zombie.
The black bear claws your scorpion zombie but does no damage. x2
The orc wizard hits your scorpion zombie but does no damage.
Your scorpion zombie barely misses the black bear.
You barely miss the ogre. You bite the ogre.
You draw the ogre's blood!
The ogre is moderately wounded.
Your scorpion zombie closely misses the black bear.
The black bear bites your scorpion zombie.
The black bear claws your scorpion zombie but does no damage. x2
The orc wizard hits your scorpion zombie with a +0 dagger.
You barely miss the ogre.
The ogre is moderately wounded.
The ogre barely misses you.
You hit the ogre.
The ogre is heavily wounded.
The black bear bites your scorpion zombie.
The black bear claws your scorpion zombie but does no damage.
The black bear completely misses your scorpion zombie.
The orc wizard hits your scorpion zombie with a +0 dagger.
Your scorpion zombie hits the black bear.
You completely miss the ogre.
The ogre is heavily wounded.
The ogre hits you with a +0 giant club!!
Ouch! That really hurt!
* * * LOW HITPOINT WARNING * * *
The black bear bites your scorpion zombie but does no damage.
The black bear barely misses your scorpion zombie.
The black bear claws your scorpion zombie but does no damage.
Your scorpion zombie hits the black bear.
The orc wizard hits your scorpion zombie with a +0 dagger.
Your scorpion zombie is destroyed!
You hear a shout!
You hit the ogre.
The ogre is heavily wounded.
You hit the ogre.
The ogre is severely wounded.
An orc comes into view. It is wielding a +0 club.
The ogre hits you with a +0 giant club!
You die...
You join the legions of the undead harvest.

############
#.....@Oo..#.
#..###..ho..... #
#.####o#.. #.# #
####### #.#
###.....#######.#
..#.....#...#...#
8....>....8..)###
..#.....#...###


You could see a black bear (drained), an ogre, an orc wizard (invisible) and 2
orcs.

Vanquished Creatures
  An ogre (D:4)
  A scorpion (D:5)
  Terence (D:2)
  Natasha (thrice) (D:3)
  An orc wizard (D:4)
  An adder (D:3)
  2 worms
  3 dart slugs
  6 orcs
  6 bats
  9 endoplasms
  4 giant cockroaches
  11 goblins
  5 hobgoblins
  6 ball pythons
  2 frilled lizards
  3 kobolds
  3 rats
68 creatures vanquished.

Vanquished Creatures (collateral kills)
  An adder (D:4)
  A shadow imp (D:5)
  2 orcs (D:4)
  A bat (D:3)
  A frilled lizard (D:3)
6 creatures vanquished.

Vanquished Creatures (others)
  A scorpion zombie (D:5)
  A hound zombie (D:2)
  An adder zombie (D:4)
  A spectral shadow imp (D:5)
  2 bat zombies (D:3)
  2 ball python zombies
  A dart slug zombie (D:3)
  2 frilled lizard zombies (D:3)
  3 giant cockroach zombies
  2 orc zombies (D:4)
  A rat zombie (D:3)
17 creatures vanquished.

Grand Total: 91 creatures vanquished

Notes
Turn   | Place    | Note
-------+----------+-------------------------------------------
     0 | D:1      | darkmonkeyz the Vampire Reaver began the quest for the Orb.
     0 | D:1      | Reached XP level 1. HP: 16/16 MP: 3/3
   377 | D:1      | Reached skill level 1 in Stealth
   377 | D:1      | Reached XP level 2. HP: 14/16 MP: 5/5
   542 | D:1      | Learned a level 2 spell: Momentum Strike
   613 | D:1      | Found Wukeyqut's Jewellery Emporium.
   979 | D:2      | Found a faded altar of an unknown god.
  1000 | D:2      | Prayed at the altar of an unknown god.
  1000 | D:2      | Became a worshipper of Yredelemnul the Dark
  1000 | D:2      | Reached * piety under Yredelemnul
  1100 | D:2      | Noticed Terence
  1361 | D:2      | Killed Terence
  1362 | D:2      | Reached skill level 4 in Short Blades
  1362 | D:2      | Gained mutation: You are afflicted with vampirism and can
                  | become a bat while bloodless. [Vampire growth]
  1362 | D:2      | Reached XP level 3. HP: 14/19 MP: 1/6
  1929 | D:3      | Found an iron altar of Okawaru.
  1948 | D:3      | Found an opulent altar of Gozag.
  2141 | D:3      | Reached XP level 4. HP: 26/26 MP: 7/7
  2314 | D:3      | Noticed Natasha
  2334 | D:3      | Killed Natasha
  2395 | D:3      | Reached skill level 1 in Necromancy
  2547 | D:3      | Noticed Natasha
  2566 | D:3      | Killed Natasha
  2637 | D:3      | Reached XP level 5. HP: 24/25 MP: 8/8
  2691 | D:3      | Noticed Natasha
  2700 | D:3      | Killed Natasha
  2823 | D:4      | Noticed an ogre
  2838 | D:4      | Killed an ogre
  2911 | D:4      | Reached XP level 6. HP: 33/35 MP: 10/10
  3002 | D:4      | Found a burning altar of Makhleb.
  3003 | D:4      | Noticed an angel
  3005 | D:4      | Noticed a blizzard demon
  3113 | D:4      | Found a stormy altar of Qazlal.
  3358 | D:4      | Noticed an ice beast
  3438 | D:5      | Entered Level 5 of the Dungeon
  3547 | D:5      | Reached skill level 5 in Short Blades
  3603 | D:5      | Found a staircase to the Ecumenical Temple.
  3653 | D:5      | Slain by an ogre

Illustrated notes

Levels and vault maps discovered:
D:1:      dpeg_arrival_three_same_balls, layout_basic, serial_shops,
          nicolae_shop_hallway_plus, chequers_serial_rivers_micro_c
D:2:      layout_loops_cross, dreamdust_ecumenical_altar_statues, uniq_terence
D:3:      layout_loops_ring, amethyst_overflow_temple_binary, uniq_natasha
D:4:      layout_cave_pools, grunt_temple_overflow_order_and_chaos_2,
          lemuel_coloured_pillars_altar
D:5:      minmay_polygon_palace, layout_loops_ring,
          minmay_temple_entry_antechambers

Skill      XL: |  1  2  3  4  5  6 |
---------------+-------------------+-----
Stealth        | 1 2 3 |  3.5
Fighting       | 2 |  2.8
Short Blades   | 4 5 |  5.1
Necromancy     | 1 2 |  2.7
Dodging        | 3 |  3.4
Spellcasting   | |  2.8
Conjurations   | |  2.2

Action                     |  1- 3 |  4- 6 || total
---------------------------+-------+-------++-------
  Melee: Short sword       |    65 |   151 ||   216
         Bite              |     7 |    18 ||    25
         Punch             |     1 |     2 ||     3
   Cast: Kiss of Death     |     3 |     4 ||     7
         Momentum Strike   |     1 |     5 ||     6
 Invoke: Recall Undead Har |       |     1 ||     1
Ability: Exsanguinate      |     1 |       ||     1
   Stab: Sleeping          |    13 |     9 ||    22
 Armour: Leather armour    |    18 |    42 ||    60
  Dodge: Dodged            |    34 |    69 ||   103
  Block: Other             |     1 |    27 ||    28
         Reflection        |       |     1 ||     1

Table legend: (Time is in decaauts)
 A = Elapsed time spent in this place.
 B = Non-inter-level travel time spent in this place.
 C = Inter-level travel time spent in this place.
 D = Time resting spent in this place.
 E = Time spent auto-exploring this place.
 F = Levels seen in this place.
 G = Mean time per level.
                   A        B        C        D        E       F      G
               +--------+--------+--------+--------+--------+-----+--------+
         Total |   3615 |   3430 |    185 |      0 |   2207 |   5 |  723.0 |
       Dungeon |   3615 |   3430 |    185 |      0 |   2207 |   5 |  723.0 |
               +--------+--------+--------+--------+--------+-----+--------+

Top non-repeatable levels by time:
     D:1: 1004 daAuts
     D:3: 931 daAuts
     D:2: 807 daAuts
     D:4: 665 daAuts
     D:5: 206 daAuts
